 Dungeon Crawl Stone Soup version 0.28-a0-1130-gc51a68064b (webtiles) character file.

Game seed: 2649506403305427551

2 croobank the Ducker (level 1, 0/16 HPs)
             Began as an Octopode Monk on Dec 12, 2021.
             Constricted to death by a ball python (1 damage)
             ... on level 1 of the Dungeon.
             The game lasted 00:00:16 (35 turns).

croobank the Ducker (Octopode Monk)                   Turns: 35, Time: 00:00:16

Health: 0/16       AC:  1    Str: 10    XL:     1   Next: 40%
Magic:  1/1        EV: 11    Int: 12    God:
Gold:   0          SH:  0    Dex: 14    Spells: 0/0 levels left

rFire   . . .      SeeInvis .   a - +0 hand axe
rCold   . . .      Faith    .   (no shield)
rNeg    . . .      Spirit   .   (helmet restricted)
rPois   .          Reflect  .   (no amulet)
rElec   .          Harm     .   (no ring)
rCorr   .          Rampage  .   (no ring)
Will    .....                   (no ring)
Stlth   +++.......              (no ring)
HPRegen 0.05/turn               (no ring)
MPRegen 0.07/turn               (no ring)
                                (no ring)
                                (no ring)

@: constricted
A: almost no armour, amphibious, 8 rings, camouflage 1, gelatinous body 1,
(nimble swimmer 1), tentacles
a: no special abilities


You were on level 1 of the Dungeon.
You visited 1 branch of the dungeon, and saw 1 of its levels.

Inventory:

Hand Weapons
 a - a +0 hand axe (weapon)


   Skills:
 + Level 3.0 Fighting
 + Level 3.0 Axes
 + Level 3.0 Dodging
 + Level 2.8 Stealth


You couldn't memorise any spells.
You didn't know any spells.
Your spell library was empty.

Dungeon Overview and Level Annotations

Branches:
Dungeon (1/15)

Altars:


Innate Abilities, Weirdness & Mutations

You cannot wear most types of armour.
You are amphibious.
You can wear up to eight rings at the same time.
Your skin changes colour to match your surroundings (Stealth+).
Your rubbery body absorbs attacks. (AC +1, EV +1)
((You are camouflaged near water. (Stealth+)))
You have tentacles for arms and can constrict up to eight enemies at once.


Message History

Press ? for a list of commands and other information.
Found a staircase leading out of the dungeon.
You open the door.
There is an open door here.
An endoplasm comes into view.
An endoplasm is nearby!
A goblin comes into view. It is wielding a +0 club.
The goblin shouts!
A ball python comes into view.
The goblin hits you with a +0 club.
You completely miss the goblin.
The endoplasm quivers.
Your grab misses the goblin. The goblin closely misses you.
You barely miss the goblin. Your grab misses the goblin.
The goblin hits you with a +0 club. The goblin misses you.
You hit the goblin.
You kill the goblin!
You barely miss the endoplasm. The endoplasm misses you.
You hit the endoplasm.
The endoplasm is moderately wounded.
You barely miss the ball python. The endoplasm freezes you.
You are frozen.
The ball python barely misses you. The ball python closely misses you.
The endoplasm freezes you.
You are frozen.
* * * LOW HITPOINT WARNING * * *
You slash the endoplasm!
You kill the endoplasm!
You closely miss the ball python.
The ball python bites you but does no damage.
The ball python barely misses you. x2; The ball python completely misses you.
The ball python closely misses you. The ball python barely misses you.
The ball python misses you. The ball python completely misses you.
You closely miss the ball python. Your grab misses the ball python.
The ball python barely misses you. The ball python grabs you.
The ball python constricts you. The ball python bites you.
* * * LOW HITPOINT WARNING * * *
The ball python constricts you.
You die...

#<###...........##.###
#+# ##................
##+#....#.###.###
##.###.# # #.# #.# #.#
#.# #.# #.# .##.###S#
.......@# ###.#####


You could see a ball python.

Vanquished Creatures
  An endoplasm (D:1)
  A goblin (D:1)
2 creatures vanquished.

Notes
Turn   | Place    | Note
-------+----------+-------------------------------------------
     0 | D:1      | croobank the Octopode Monk began the quest for the Orb.
     0 | D:1      | Reached XP level 1. HP: 16/16 MP: 1/1
    35 | D:1      | Constricted to death by a ball python

Illustrated notes

Levels and vault maps discovered:
D:1:      dpeg_arrival_tiny_b, layout_basic,
          shapermc_ecumenical_altar_mp_highgroup, minmay_hexomino_r4

Action                   || total
-------------------------++-------
Melee: Hand axe          ||     6
Armor: Skin              ||     1
Dodge: Dodged            ||    13

Table legend: (Time is in decaauts)
 A = Elapsed time spent in this place.
 B = Non-inter-level travel time spent in this place.
 C = Inter-level travel time spent in this place.
 D = Time resting spent in this place.
 E = Time spent auto-exploring this place.
 F = Levels seen in this place.
 G = Mean time per level.
                   A        B        C        D        E       F      G
               +--------+--------+--------+--------+--------+-----+--------+
         Total |     35 |     35 |      0 |      0 |     10 |   1 |   35.0 |
       Dungeon |     35 |     35 |      0 |      0 |     10 |   1 |   35.0 |
               +--------+--------+--------+--------+--------+-----+--------+

Top non-repeatable levels by time:
     D:1: 35 daAuts
